 Dungeon Crawl Stone Soup version 0.31-a0-859-g9dce7d3444 (webtiles) character file.

Game seed: 13700299538934281844

283864 redmage the Metamorph (level 20, -13/163 HPs)
             Began as an Octopode Earth Elementalist on Oct 8, 2023.
             Was an Initiate of Gozag.
             Shot with an arrow by a deep elf master archer (23 damage)
             ... on level 3 of the Elven Halls on Oct 9, 2023.
             The game lasted 04:57:49 (38348 turns).

redmage the Metamorph (OpEE)                       Turns: 38348, Time: 04:57:49

Health: -13/163    AC: 34    Str: 16    XL:     20   Next: 57%
Magic:  39/54      EV: 20    Int: 30    God:    Gozag
Gold:   2171       SH:  0    Dex:  9    Spells: 7/44 levels left

rFire   + + .        w - +2 quick blade (elec)
rCold   + . .        U - orb {*channel}
rNeg    + + +        s - +3 hat of Faut {rN+}
rPois   ∞            R - amulet of magic regeneration
rElec   +            V - ring of see invisible
rCorr   +            f - ring of wizardry
SInv    +            z - ring of willpower
Will    +++..        o - ring of Dyenanui {rElec MP+9 AC+4}
Stlth   ++++++       S - ring of Woil {Drain MP+9 EV+5 Str+9 Dex-2}
HPRegen 0.47/turn    K - ring of protection from cold
MPRegen 0.74/turn    T - ring of Balance {rC+ rN+ Int+4}
                     J - ring of Egering {Fire Will+ rCorr Str+3 Int-5}

%: wizardry (x1), channel magic (20%)
@: statue-form, gold aura, studying Fighting, very slow
A: slow and powerful, torment resistance 1, boosted hp, almost no armour,
amphibious, 8 rings, camouflage 1, (gelatinous body 1), (nimble swimmer 1),
tentacles, clever 1, fire resistance 1, frail 1, weak 1, inability to read after
injury 1
}: 2/15 runes: barnacled, gossamer
a: Begin Untransformation, Renounce Religion, Potion Petition, Call Merchant,
Bribe Branch


You were on level 3 of the Elven Halls.
You worshipped Gozag.
Gozag was most pleased with you.
You were a living statue of rough stone.
You visited 8 branches of the dungeon, and saw 35 of its levels.
You also visited: Trove, Bailey and Ice Cave.

You collected 12869 gold pieces.
You spent 4804 gold pieces at shops.
You paid 5894 gold pieces to Gozag.

Inventory:

Hand Weapons
 c - the +8 battleaxe of Etzutol {venom, rC+}
   (You found it on level 4 of the Spider Nest)

   rC+:       It protects you from cold.
 w - a +2 quick blade of electrocution (weapon)
 x - a +3 demon trident of electrocution
Missiles
 h - 10 throwing nets (quivered)
 G - 5 silver javelins
Armour
 s - the +3 hat of Faut (worn) {rN+}
   (You found it in a treasure trove)

   rN+:       It protects you from negative energy.
 U - an orb of energy (worn)
Magical Staves
 n - a staff of cold
Jewellery
 a - a +4 ring of slaying
 f - a ring of wizardry (right tentacle)
 i - an amulet of regeneration
 o - the ring of Dyenanui (on tentacle) {rElec MP+9 AC+4}
   (You bought it in a shop on level 5 of the Lair of Beasts)

   [ring of protection]

   AC+4:      It affects your AC (+4).
   rElec:     It insulates you from electricity.
   MP+9:      It affects your magic capacity (+9).
 y - a +4 ring of protection
 z - a ring of willpower (on tentacle)
 J - the ring of Egering (on tentacle) {Fire Will+ rCorr Str+3 Int-5}
   (You found it on level 9 of the Dungeon)

   [ring of fire]

   Fire:      It enhances your fire magic.
   Str+3:     It affects your strength (+3).
   Int-5:     It affects your intelligence (-5).
   rF+:       It protects you from fire.
   rC-:       It makes you vulnerable to cold.
   Will+:     It increases your willpower.
   rCorr:     It protects you from acid and corrosion.
 K - a ring of protection from cold (on tentacle)
 R - an amulet of magic regeneration (around mantle)
 S - the ring of Woil (on tentacle) {Drain MP+9 EV+5 Str+9 Dex-2}
   (You bought it in a shop on level 5 of the Lair of Beasts)

   [ring of evasion]

   EV+5:      It affects your evasion (+5).
   Str+9:     It affects your strength (+9).
   Dex-2:     It affects your dexterity (-2).
   MP+9:      It affects your magic capacity (+9).
   Drain:     It drains your maximum health when unequipped.
 T - the ring of Balance (on tentacle) {rC+ rN+ Int+4}
   (You bought it in a shop on level 2 of the Orcish Mines)

   [ring of protection from cold]

   Int+4:     It affects your intelligence (+4).
   rC+:       It protects you from cold.
   rN+:       It protects you from negative energy.
 V - a ring of see invisible (left tentacle)
Talismans
 W - a granite talisman (active)
Wands
 j - a wand of light (14)
 A - a wand of iceblast (32)
 N - a wand of digging (10)
Scrolls
 e - a scroll of immolation
 m - 2 scrolls of amnesia
 p - 4 scrolls of blinking
 t - 8 scrolls of fog
 u - 2 scrolls of enchant weapon
 D - 5 scrolls of vulnerability
 F - 2 scrolls of teleportation
 H - 2 scrolls of brand weapon
 I - 3 scrolls of identify
 L - 4 scrolls of poison
 O - 6 scrolls of fear
 Q - a scroll of enchant armour
 Y - a scroll of silence
Potions
 d - 3 potions of invisibility
 g - a potion of heal wounds
 k - 12 potions of curing
 l - 4 potions of enlightenment
 r - 8 potions of haste
 v - 11 potions of ambrosia
 B - 2 potions of resistance
 C - 2 potions of magic
 E - 5 potions of lignification
 M - 3 potions of brilliance
 P - 2 potions of might
 X - 4 potions of mutation


   Skills:
 - Level 13.4 Fighting
 + Level 7.5 Short Blades
 - Level 10.4 Dodging
 - Level 14.0 Stealth
 - Level 12.6 Spellcasting
 - Level 4.0 Conjurations
 - Level 15.0 Summonings
 - Level 11.0 Necromancy
 - Level 5.2 Translocations
 - Level 6.0 Transmutations
 - Level 4.0 Ice Magic
 - Level 10.0 Earth Magic
 - Level 16.0 Shapeshifting


You had 7 spell levels left.
You knew the following spells:

 Your Spells              Type           Power      Damage    Failure   Level
a - Stone Arrow           Conj/Erth      100%       3d13      1%          3
b - Passwall              Tmut/Erth      50%        N/A       1%          2
c - Summon Cactus Giant   Summ           41%        N/A       1%          6
d - Petrify               Tmut/Erth      61%        N/A       2%          4
e - Summon Forest         Summ/Tloc      34%        N/A       2%          5
f - Ozocubu's Armour      Ice            42%        N/A       2%          3
g - Summon Hydra          Summ           41%        N/A       6%          7
h - Death Channel         Necr           35%        N/A       6%          6
q - Apportation           Tloc           100%       N/A       1%          1

Your spell library contained the following spells:

 Spells                   Type           Power      Damage    Failure   Level
 Magic Dart               Conj           100%       1d8       1%          1
 Necrotise                Necr           100%       1d9       1%          1
 Sandblast                Erth           100%       2d20      1%          1
 Summon Small Mammal      Summ           100%       N/A       1%          1
 Call Imp                 Summ           100%       N/A       1%          2
 Cigotuvi's Dreadful Rot  Necr/Pois/Air  80%        N/A       1%          2
 Lesser Beckoning         Tloc           100%       N/A       1%          2
 Wereblood                Tmut           53%        N/A       1%          2
 Gell's Gravitas          Tloc           50%        N/A       1%          3
 Teleport Other           Tloc           50%        N/A       1%          3
 Dispel Undead            Necr           71%        3d24      1%          4
 Foxfire                  Conj/Fire      100%       2x1d9     2%          1
 Shock                    Conj/Air       100%       1d9       2%          1
 Hailstorm                Conj/Ice       42%        3d10      2%          3
 Brom's Barrelling Bould  Conj/Erth      57%        2d7       2%          4
 Summon Lightning Spire   Summ/Air       59%        N/A       2%          4
 Lee's Rapid Deconstruct  Erth           34%        3d17*     2%          5
 Ensorcelled Hibernation  Hex/Ice        60%        N/A       3%          2
 Anguish                  Hex/Necr       25%        N/A       4%          4
 Summon Mana Viper        Hex/Summ       59%        N/A       4%          5
 Jinxbite                 Hex            36%        N/A       5%          2
 Mephitic Cloud           Conj/Pois/Air  26%        N/A       6%          3
 Inner Flame              Hex/Fire       28%        N/A       9%          3
 Swiftness                Air            18%        N/A       9%          3
 Irradiate                Conj/Tmut      24%        3d19      10%         5
 Flame Wave               Conj/Fire      46%        2d12      12%         4
 Sticky Flame             Conj/Fire      46%        2d6       12%         4
 Yara's Violent Unravell  Hex/Tmut       18%        3d9       19%         5
 Airstrike                Air            9%         2d(2-18)  21%         4
 Metabolic Englaciation   Hex/Ice        15%        N/A       26%         5
 Eringya's Noxious Bog    Tmut/Pois      18%        4d6       58%         6
 Conjure Ball Lightning   Conj/Air       15%        3x3d6     71%         6
 Starburst                Conj/Fire      23%        6d8       71%         6
 Plasma Beam              Fire/Air       14%        2x1d25    91%         6
 Enfeeble                 Hex            9%         N/A       100%        7
 Discord                  Hex            9%         N/A       100%        8
 Disjunction              Tloc           25%        N/A       100%        8
 Sublimation of Blood     Necr           Unusable   N/A       N/A         2
 Animate Armour           Summ/Erth      Unusable   N/A       N/A         4

Dungeon Overview and Level Annotations

Branches:
Dungeon (14/15)            Temple (1/1) D:5            Lair (5/5) D:10
 Shoals (4/4) Lair:3       Spider (4/4) Lair:3        Slime (2/5) Lair:5
    Orc (2/2) D:11            Elf (3/3) Orc:2        Vaults (0/5) D:14
 Bailey (visited)           IceCv (visited)

Altars:
Ashenzari
Cheibriados
Dithmenos
Elyvilon
Fedhas
Gozag
Hepliaklqana
Kikubaaqudgha
Makhleb
Nemelex Xobeh
Okawaru
Qazlal
Ru
Sif Muna
Trog
Uskayaw
Vehumet
Wu Jian
Xom
Yredelemnul
Zin
The Shining One
Jiyva

Shops:
D:2 =   D:9 [?[   D:12 *   D:14 =   Orc:2 ((=?   Elf:2 !=(:   Lair:1 (=*?
Lair:5 =   Shoals:4 *

Annotations:
Lair:2 1 exclusion
Elf:2 3 runed translucent doors, 1 exclusion


Innate Abilities, Weirdness & Mutations

You are a living statue of rough stone.
Your actions are slow, but your melee attacks are powerful.
You are resistant to unholy torment.
Your maximum health is greatly increased.
You cannot wear most types of armour.
You are amphibious.
You can wear up to eight rings at the same time.
You are immune to poison.
Your skin changes colour to match your surroundings (Stealth+).
((Your rubbery body absorbs attacks. (AC +1, EV +1)))
((You are camouflaged when in or above water. (Stealth+)))
You have tentacles for arms and can constrict up to eight enemies at once.
Your mind is acute. (Int +4, Str/Dex -1)
Your flesh is heat resistant. (rF+)
You are frail. (-10% HP)
You are weak. (Str -2)
You occasionally lose the ability to read scrolls when taking damage.


Message History

Your four-headed hydra bites the deep elf blademaster!
Your four-headed hydra bites the deep elf blademaster but does no damage.
Your four-headed hydra bites the deep elf blademaster!
Your four-headed hydra barely misses the deep elf blademaster.
You feel much better.
The deep elf blademaster hits your four-headed hydra with a +0 quick blade.
The deep elf blademaster hits your four-headed hydra with a +0 quick blade!
The deep elf blademaster hits your four-headed hydra with a +0 quick blade. x2
The deep elf master archer shoots an arrow.
The arrow hits you.
* * * LOW HITPOINT WARNING * * *
The deep elf master archer shoots an arrow.
The arrow hits you!!
* * * LOW HITPOINT WARNING * * *
The arrow freezes you.
* * * LOW HITPOINT WARNING * * *
The deep elf blademaster barely misses your four-headed hydra.
The deep elf blademaster hits your four-headed hydra with a +0 quick blade!! x2
The deep elf blademaster hits your four-headed hydra with a +0 quick blade!
Your four-headed hydra dies!
Your four-headed hydra's corpse disappears in a puff of smoke!
Your four-headed hydra closely misses the deep elf blademaster.
Your four-headed hydra bites the deep elf blademaster!
The deep elf blademaster dies!
The deep elf master archer shoots an arrow.
The arrow closely misses you. The arrow hits your four-headed hydra!
Your four-headed hydra seems to slow down.
The arrow freezes your four-headed hydra.
Unknown command.
You feel much better.
The deep elf master archer shoots an arrow.
The arrow hits you!
* * * LOW HITPOINT WARNING * * *
The arrow freezes you.
* * * LOW HITPOINT WARNING * * *
Your cactus giant closely misses the deep elf master archer.
The deep elf master archer shoots an arrow.
The arrow hits you!!
You die...
Your body crumbles into a pile of gold.

**,,,,,.......,,,,** ##.#
***,,,,.....,,,*** #** ##..# *
***,,,...,,*** *##.###.... **
*******#.#*** ###.##....... ,**
**,* ####.# ####...####.....
,,****,,* #..)e###.#...####......
,,+,,,****###..e$$D)......'......
,,*#.*,,,** ##.##$.....####......
,**#.,***,* #.#8))...## ##.....
** #..* *,* #...#.#..# ##.... *
#..###,* #eC##.# ..# ##...
#.#...** #..# #.# ..## ##+# *
#..###*##...# #.# #..## #.# *
**#..###..### #.# ##.<.## #.# *
*#.....## #.###.....####.# *
#.#### #.##.......##... ******#.#
#.#.............


You could see a deep elf master archer (ally target), a friendly four-headed
hydra (summoned, slow) and a friendly cactus giant (summoned).

Vanquished Creatures
  Gastronok (Lair:2)
  2 azure jellies
  A rockslime (Slime:2)
  An emperor scorpion (Spider:4)
  2 ghost moths
  A frost giant (IceCv)
  2 deep elf demonologists (Elf:3)
  3 deep elf annihilators
  An entropy weaver (Spider:3)
  3 hydras
  Harold (D:9)
  Erolcha (D:9)
  A jorogumo (Spider:1)
  2 centaur warriors (D:14)
  An ironbound frostheart (IceCv)
  2 merfolk aquamancers (Shoals:4)
  An ogre mage (Orc:2)
  4 two-headed ogres
  2 dancing weapons (Elf:1)
  Erica (Orc:1)
  An alligator snapping turtle (Shoals:3)
  3 boulder beetles
  2 death yaks (Lair:5)
  A death scarab (Spider:3)
  A demonic crawler (Spider:3)
  A vampire mage (D:11)
  An orc high priest (Elf:1)
  Amaemon (Lair:2)
  3 deep elf knights
  A pharaoh ant (Spider:2)
  A goliath frog (Lair:5)
  2 skysharks
  5 deep elf archers
  6 sea snakes
  3 orb spiders
  5 steelbarb worms
  A harpy (Shoals:4)
  An orc knight (Orc:2)
  A wizard (D:14)
  10 deep elf zephyrmancers
  3 ugly things
  7 deep elf pyromancers
  5 orc sorcerers
  2 fauns
  A cyclops (D:12)
  A manticore (Shoals:3)
  9 wolf spiders
  10 nameless horrors
  3 moths of wrath (Spider:4)
  Maurice (D:9)
  5 black mambas
  10 elephants
  An orange demon (Lair:2)
  14 cane toads
  Jeremiah (D:9)
  A gargoyle (D:10)
  An unseen horror (D:10)
  11 rime drakes
  Maggie (D:9)
  7 komodo dragons
  4 merfolk
  2 wind drakes
  2 trolls
  A tyrant leech (Lair:5)
  4 polar bears
  A tarantella (shapeshifter) (D:14)
  10 tarantellas
  20 blink frogs
  7 culicivoras
  2 snapping turtles
  6 jumping spiders
  2 air elementals
  3 water elementals
  7 vampires (D:11)
  3 wyverns
  A fire elemental (Elf:1)
  Grum (D:8)
  A wraith (D:14)
  25 yaks
  4 steam dragons
  7 basilisks
  Eustachio (D:5)
  A golden eye (Slime:2)
  A redback (shapeshifter) (Elf:3)
  5 vampire mosquitoes
  15 redbacks
  Menkaure (D:5)
  An acid dragon (D:12)
  11 water moccasins
  4 black bears
  24 orc warriors
  An ice beast (D:6)
  6 ogres
  27 wolves
  16 centaurs
  A phantom (D:5)
  Blork the orc (D:5)
  16 bullfrogs
  A kobold brigand (D:7)
  5 gnoll sergeants
  2 earth elementals
  4 scorpions
  10 wights
  6 killer bees (D:11)
  3 electric eels
  5 howler monkeys
  6 hounds
  2 jellies
  4 orc priests
  A gnoll bouda (D:5)
  4 iguanas
  15 orc wizards
  3 adders
  35 gnolls
  A shadow imp (D:6)
  2 ufetubi
  4 worms
  6 dart slugs
  64 orcs
  9 ball pythons
  A bat (D:2)
  2 endoplasms
  8 giant cockroaches
  12 goblins
  7 hobgoblins
  9 jackals
  4 quokkas
  A frilled lizard (D:1)
  14 kobolds
  7 rats
679 creatures vanquished.

Vanquished Creatures (collateral kills)
  Dissolution (Slime:1)
  Arachne (Spider:2)
  2 deep elf blademasters (Elf:3)
  Asterion (Spider:1)
  2 acid blobs
  Kirke (Spider:2)
  An azure jelly (Slime:1)
  Roxanne (Spider:1)
  A rockslime (Slime:2)
  A frost giant (IceCv)
  8 emperor scorpions
  A deep elf sorcerer (Elf:3)
  2 deep elf elementalists
  Louise (Spider:1)
  2 deep elf demonologists (Elf:3)
  A white draconian (IceCv)
  A spark wasp (Spider:4)
  4 deep elf annihilators (Elf:3)
  A deep elf death mage (Elf:1)
  3 merfolk javelineers
  An entropy weaver (Spider:4)
  A deep elf high priest (Elf:3)
  A merfolk impaler (Shoals:4)
  2 hydras
  8 vault guards (D:14)
  3 ironbound frosthearts (IceCv)
  A radroach (Spider:1)
  4 merfolk aquamancers (Shoals:4)
  3 centaur warriors
  3 ogre magi
  4 satyrs
  3 two-headed ogres (D:14)
  4 death yaks (Lair:5)
  16 dancing weapons
  2 merfolk avatars
  8 demonic crawlers
  4 deep elf knights
  3 pharaoh ants
  2 skysharks
  2 nameless horrors
  3 orb spiders
  12 sea snakes
  2 steelbarb worms
  10 harpies
  2 orc knights
  7 deep elf archers
  6 deep elf pyromancers
  A shining eye (Slime:2)
  22 ugly things
  10 deep elf zephyrmancers
  11 wolf spiders
  8 fauns
  3 orc sorcerers (Orc:2)
  12 manticores
  2 cyclopes
  2 elephants
  2 moths of wrath
  5 merfolk sirens
  7 water nymphs
  A gargoyle (D:14)
  3 torpor snails
  Psyche (D:12)
  9 rime drakes
  A komodo dragon (Lair:5)
  13 merfolk
  6 meliai
  6 wind drakes
  2 trolls (Orc:2)
  19 tarantellas
  3 blink frogs (Lair:5)
  8 polar bears (IceCv)
  2 dream sheep (Shoals:2)
  4 snapping turtles
  2 air elementals (Elf:2)
  5 slime creatures (D:13)
  16 jumping spiders
  7 yaks (Lair:5)
  9 culicivoras
  4 wraiths
  4 fire elementals
  4 golden eyes (Slime:2)
  12 water elementals
  5 hogs (Spider:2)
  38 redbacks
  2 wargs (Orc:1)
  5 vampire mosquitoes
  A water moccasin (Spider:1)
  11 orc warriors
  6 ogres
  8 centaurs
  3 wolves (Lair:5)
  4 bullfrogs (Lair:5)
  An earth elemental (Elf:1)
  An electric eel (Spider:4)
  4 orc priests
  18 orc wizards
  50 orcs
  A spectral weapon (Spider:1)
537 creatures vanquished.

Vanquished Creatures (others)
  A rime drake (IceCv)
  A nameless horror (IceCv)
  25 snaplasher vines
27 creatures vanquished.

Grand Total: 1243 creatures vanquished

Notes
Turn   | Place    | Note
-------+----------+-------------------------------------------
     0 | D:1      | redmage the Octopode Earth Elementalist began the quest for
                  | the Orb.
     0 | D:1      | Reached XP level 1. HP: 11/11 MP: 3/3
   253 | D:1      | Reached XP level 2. HP: 17/17 MP: 1/5
   494 | D:1      | Gained mutation: You are vulnerable to cold. (rC-) [potion
                  | of mutation]
   538 | D:1      | Reached XP level 3. HP: 10/21 MP: 6/6
   656 | D:1      | Lost mutation: You are vulnerable to cold. (rC-) [potion of
                  | mutation]
   656 | D:1      | Gained mutation: You are frail. (-10% HP) [potion of
                  | mutation]
   656 | D:1      | Gained mutation: Your mind is acute. (Int +4, Str/Dex -1)
                  | [potion of mutation]
   656 | D:1      | Gained mutation: Your flesh is heat resistant. (rF+)
                  | [potion of mutation]
   877 | D:1      | Learned a level 2 spell: Passwall
   881 | D:1      | Learned a level 3 spell: Stone Arrow
   936 | D:2      | Found a hazy altar of Hepliaklqana.
   946 | D:2      | Found Wuesozips's Jewellery Boutique.
  1101 | D:2      | Reached XP level 4. HP: 19/24 MP: 5/8
  1590 | D:3      | Found a shimmering altar of Xom.
  1710 | D:3      | Reached XP level 5. HP: 27/27 MP: 8/10
  2267 | D:4      | Found a sacrificial altar of Ru.
  2275 | D:4      | Found a sparkling altar of Nemelex Xobeh.
  2484 | D:4      | Reached skill level 1 in Conjurations
  2669 | D:4      | Reached XP level 6. HP: 21/32 MP: 7/12
  2820 | D:4      | Reached skill level 5 in Earth Magic
  3019 | D:4      | Noticed a black bear
  3024 | D:4      | Killed a black bear
  3115 | D:5      | Entered Level 5 of the Dungeon
  3132 | D:5      | Found a staircase to the Ecumenical Temple.
  3146 | D:5      | Noticed Blork the orc
  3152 | Temple   | Entered the Ecumenical Temple
  3159 | Temple   | Became a worshipper of Gozag Ym Sagoz the Greedy
  3193 | D:5      | Reached XP level 7. HP: 34/36 MP: 8/13
  3208 | D:5      | Noticed Menkaure
  3214 | D:5      | Killed Menkaure
  3278 | D:5      | Found a bloodstained altar of Trog.
  3325 | D:5      | Noticed Eustachio
  3338 | D:5      | Killed Eustachio
  3339 | D:5      | Reached skill level 5 in Spellcasting
  3583 | D:5      | Reached XP level 8. HP: 41/41 MP: 13/16
  3815 | D:5      | Learned a level 4 spell: Petrify
  3990 | D:5      | Killed Blork the orc
  4259 | D:5      | Reached skill level 1 in Short Blades
  4259 | D:5      | Reached XP level 9. HP: 45/45 MP: 11/19
  5858 | D:2      | Bought a +4 ring of protection for 360 gold pieces
  5858 | D:2      | Bought a ring of willpower for 250 gold pieces
  6240 | D:7      | Reached skill level 5 in Stealth
  6717 | D:8      | Noticed Grum
  6719 | D:8      | Killed Grum
  6732 | D:8      | Reached XP level 10. HP: 44/50 MP: 9/21
  6845 | D:8      | Found a white marble altar of Elyvilon.
  7384 | D:8      | Found a glowing golden altar of the Shining One.
  7384 | D:8      | Found a hazy altar of Hepliaklqana.
  7385 | D:8      | Found a broken altar of Ashenzari.
  7840 | D:9      | Found Rabaust's Magic Scroll Emporium.
  7841 | D:9      | Noticed Erolcha
  7855 | D:9      | Killed Erolcha
  7862 | D:9      | Bought a scroll of teleportation for 42 gold pieces
  7862 | D:9      | Bought a scroll of identify for 28 gold pieces
  7862 | D:9      | Bought a scroll of vulnerability for 56 gold pieces
  7862 | D:9      | Bought a scroll of fear for 56 gold pieces
  7963 | D:9      | Noticed Maurice
  7974 | D:9      | Killed Maurice
  8118 | D:9      | Reached skill level 10 in Spellcasting
  8168 | D:9      | Noticed Maggie
  8178 | D:9      | Killed Maggie
  8277 | D:9      | Found Genics's Antique Armour Emporium.
  8496 | D:9      | Noticed Harold
  8513 | D:9      | Killed Harold
  8514 | D:9      | Reached XP level 11. HP: 54/54 MP: 25/25
  8533 | D:9      | Identified the ring of Egering {Fire Will+ rCorr Str+3
                  | Int-5}
  8589 | D:9      | Noticed a two-headed ogre
  8603 | D:9      | Killed a two-headed ogre
  9088 | D:9      | Found Esoiludgh's Armour Shop.
  9088 | D:9      | Noticed Jeremiah
  9181 | D:9      | Reached skill level 5 in Transmutations
  9199 | D:9      | Killed Jeremiah
  9263 | D:10     | Entered Level 10 of the Dungeon
  9380 | D:10     | Learned a level 1 spell: Apportation
  9409 | D:10     | Found a flagged portal.
  9432 | Bailey   | Entered a bailey
 10315 | D:10     | Learned a level 2 spell: Sublimation of Blood
 10322 | D:10     | Found a staircase to the Lair.
 10330 | Lair:1   | Entered Level 1 of the Lair of Beasts
 10380 | Lair:1   | Acquired a Fen Folio
 10388 | Lair:1   | Learned a level 5 spell: Summon Forest
 10503 | Lair:1   | Reached skill level 10 in Earth Magic
 10677 | Lair:1   | Reached skill level 1 in Summonings
 10677 | Lair:1   | Reached skill level 1 in Translocations
 11524 | Lair:1   | Reached XP level 12. HP: 59/59 MP: 13/27
 11661 | Lair:1   | Identified the +6 orcbow of Doom {freeze, rF+ rN+}
 12088 | Lair:2   | Noticed an eight-headed hydra
 12103 | Lair:2   | Killed an eight-headed hydra
 12104 | Lair:2   | Reached skill level 10 in Stealth
 12721 | Lair:2   | Noticed a five-headed hydra
 12758 | Lair:2   | Noticed Amaemon
 12966 | Lair:2   | Killed Amaemon
 13359 | Lair:2   | Reached skill level 5 in Summonings
 13473 | Lair:2   | Found the +6 shillelagh "Devastator" {shatter}
 13507 | Lair:2   | Reached skill level 5 in Translocations
 13515 | Lair:2   | Reached skill level 5 in Dodging
 14136 | Lair:2   | Noticed Gastronok
 14194 | Lair:2   | Killed Gastronok
 14195 | Lair:2   | Reached XP level 13. HP: 63/63 MP: 23/29
 15395 | Lair:3   | Found a hole to the Spider Nest.
 15520 | Lair:3   | Found a staircase to the Shoals.
 15592 | Lair:3   | Got a sooty book
 15597 | Lair:3   | Learned a level 3 spell: Ozocubu's Armour
 15776 | Lair:3   | Reached skill level 1 in Fighting
 16289 | Lair:4   | Reached skill level 1 in Necromancy
 16289 | Lair:4   | Reached skill level 1 in Ice Magic
 16426 | Lair:4   | Reached skill level 1 in Shapeshifting
 17004 | Lair:5   | Entered Level 5 of the Lair of Beasts
 17004 | Lair:5   | Found a staircase to the Slime Pits.
 17004 | Lair:5   | Found a viscous altar of Jiyva.
 17230 | Lair:5   | Reached skill level 2 in Shapeshifting
 17492 | Lair:5   | Reached skill level 3 in Shapeshifting
 17651 | Lair:5   | Reached skill level 4 in Shapeshifting
 18280 | Lair:5   | Reached XP level 14. HP: 57/76 MP: 26/30
 18305 | Lair:5   | Learned a level 7 spell: Summon Hydra
 18623 | Lair:5   | Reached skill level 10 in Summonings
 19008 | Lair:5   | Bought the ring of Dyenanui {rElec MP+9 AC+4} for 964 gold
                  | pieces
 19671 | D:10     | Found a blossoming altar of Fedhas.
 20181 | D:11     | Found a staircase to the Orcish Mines.
 20475 | D:11     | Found an ancient bone altar of Kikubaaqudgha.
 20959 | Orc:1    | Entered Level 1 of the Orcish Mines
 20976 | Orc:1    | Noticed Erica
 20984 | Orc:1    | Killed Erica
 21153 | Orc:2    | Entered Level 2 of the Orcish Mines
 21974 | Orc:2    | Upgraded the game from 0.31-a0-851-g7ff8af7976 to
                  | 0.31-a0-854-g362426d53f
 22126 | Orc:2    | Found a staircase to the Elven Halls.
 22249 | Orc:2    | Found Hiypaipp's Jewellery Boutique.
 22279 | Orc:2    | Found Kottati's Magic Scroll Shop.
 22297 | Orc:2    | Bought a scroll of blinking for 135 gold pieces
 22297 | Orc:2    | Bought a scroll of fear for 72 gold pieces
 22311 | Orc:2    | Found an ancient bone altar of Kikubaaqudgha.
 22391 | Orc:2    | Paralysed by an orc sorcerer for 5 turns
 22405 | Orc:2    | Found a radiant altar of Vehumet.
 22434 | Orc:2    | Found Fuoddud's Antique Weapon Boutique.
 22434 | Orc:2    | Found Tuhul's Antique Weapon Shop.
 22459 | Orc:2    | Paralysed by an orc sorcerer for 5 turns
 22603 | Orc:2    | Bought a translucent trident for 323 gold pieces
 22603 | Orc:2    | Identified the +1 trident of Foolhardiness {freeze, rElec
                  | rN+ SInv} (You bought it in a shop on level 2 of the Orcish
                  | Mines)
 22655 | Orc:2    | Bought the ring of Balance {rC+ rN+ Int+4} for 624 gold
                  | pieces
 23325 | D:12     | Reached skill level 5 in Fighting
 23331 | D:12     | Reached XP level 15. HP: 82/82 MP: 31/31
 23406 | D:12     | Noticed Psyche
 23417 | D:12     | Killed Psyche
 23743 | Lair:5   | Bought the ring of Woil {Drain MP+9 EV+5 Str+9 Dex-2} for
                  | 994 gold pieces
 24065 | D:12     | Found Zopufica's General Store.
 24068 | D:12     | Bought a scroll of enchant weapon for 105 gold pieces
 25292 | D:14     | Reached skill level 15 in Summonings
 25475 | D:14     | Reached skill level 5 in Necromancy
 25594 | D:14     | Found a gate to the Vaults.
 26489 | D:14     | Learned a level 6 spell: Death Channel
 26651 | Elf:1    | Entered Level 1 of the Elven Halls
 26942 | Elf:1    | Reached XP level 16. HP: 57/93 MP: 4/32
 27047 | Elf:1    | Reached skill level 10 in Necromancy
 27551 | Elf:1    | Reached skill level 5 in Shapeshifting
 27922 | Elf:2    | Reached skill level 5 in Short Blades
 27927 | Elf:2    | Found a runed translucent gate.
 27927 | Elf:2    | Found a runed translucent gate.
 27927 | Elf:2    | Found a runed translucent gate.
 27981 | Elf:2    | Found Nugg's Jewellery Emporium.
 27998 | Elf:2    | Paralysed by an air elemental for 1 turns
 28289 | Elf:2    | Noticed a deep elf blademaster
 28317 | Elf:2    | Reached skill level 6 in Shapeshifting
 28360 | Elf:2    | Found Nilot's Antique Weapon Boutique.
 28448 | Elf:2    | Found a portal to a secret trove of treasure.
 28568 | Elf:2    | Found Soidetor's Book Emporium.
 28670 | Elf:2    | Reached skill level 7 in Shapeshifting
 28880 | Elf:2    | Found Atzatt's Distillery.
 28886 | Elf:2    | Bought a potion of heal wounds for 75 gold pieces
 28886 | Elf:2    | Bought a potion of might for 60 gold pieces
 28886 | Elf:2    | Bought a potion of haste for 150 gold pieces
 28886 | Elf:2    | Bought a potion of curing for 45 gold pieces
 29303 | Shoals:1 | Entered Level 1 of the Shoals
 29414 | Shoals:1 | Reached skill level 8 in Shapeshifting
 29902 | Shoals:2 | Reached skill level 9 in Shapeshifting
 29902 | Shoals:2 | Reached XP level 17. HP: 64/98 MP: 33/33
 29906 | Shoals:2 | Reached skill level 10 in Shapeshifting
 29906 | Shoals:2 | Reached XP level 18. HP: 73/104 MP: 34/34
 30452 | Shoals:3 | Reached skill level 11 in Shapeshifting
 31340 | Shoals:4 | Entered Level 4 of the Shoals
 31549 | Shoals:2 | Reached skill level 12 in Shapeshifting
 31650 | Spider:1 | Entered Level 1 of the Spider Nest
 31770 | Spider:1 | Noticed Asterion
 31963 | Spider:1 | Killed Asterion
 31995 | Spider:1 | Noticed Roxanne
 32029 | Spider:1 | Killed Roxanne
 32087 | Spider:1 | Reached skill level 13 in Shapeshifting
 32181 | Spider:1 | Upgraded the game from 0.31-a0-854-g362426d53f to
                  | 0.31-a0-859-g9dce7d3444
 32189 | Spider:1 | Noticed Louise
 32197 | Spider:1 | Killed Louise
 32643 | Spider:2 | Learned a level 6 spell: Summon Cactus Giant
 32781 | Spider:2 | Reached skill level 14 in Shapeshifting
 32877 | Spider:2 | Noticed Kirke
 32883 | Spider:2 | Killed Kirke
 32971 | Spider:2 | Noticed Arachne
 32979 | Spider:2 | Killed Arachne
 33591 | Spider:3 | Reached XP level 19. HP: 109/109 MP: 35/35
 33600 | Spider:3 | Reached skill level 15 in Shapeshifting
 34177 | Spider:4 | Entered Level 4 of the Spider Nest
 34201 | Spider:4 | Identified the +8 battleaxe of Etzutol {venom, rC+}
 34624 | Spider:4 | Reached skill level 10 in Fighting
 34813 | Spider:4 | Reached skill level 16 in Shapeshifting
 35026 | Spider:4 | Got a gossamer rune of Zot
 35418 | Spider:4 | Identified the +5 plate armour of the Game Afoot {rN+ Dex+3
                  | SInv Stlth+}
 35763 | Shoals:4 | Found Veap's General Store.
 35779 | Shoals:4 | Bought a scroll of enchant weapon for 105 gold pieces
 35802 | Shoals:4 | Got a barnacled rune of Zot
 35827 | Shoals:4 | Identified the +1 leather armour "Ohuxong" {-Tele rF+++}
 35847 | Shoals:4 | Identified the +3 ring mail of Action {Harm Rampage Int-5}
 36375 | Lair:1   | Bought a scroll of enchant weapon for 120 gold pieces
 36375 | Lair:1   | Bought a scroll of enchant weapon for 120 gold pieces
 36375 | Lair:1   | Bought a scroll of blinking for 120 gold pieces
 36467 | Slime:1  | Entered Level 1 of the Pits of Slime
 36519 | Slime:2  | Noticed Dissolution
 36521 | Slime:2  | Gained mutation: You are weak. (Str -2) [a shining eye]
 36523 | Slime:2  | Gained mutation: You occasionally lose the ability to read
                  | scrolls when taking damage. [a shining eye]
 36530 | Slime:1  | Paralysed by a floating eye for 4 turns
 36599 | Slime:1  | Paralysed by a floating eye for 3 turns
 36599 | Slime:1  | Killed Dissolution
 36600 | Slime:1  | Reached XP level 20. HP: 97/124 MP: 35/36
 37024 | Elf:3    | Entered Level 3 of the Elven Halls
 37031 | Elf:3    | Found a frozen archway.
 37044 | Elf:3    | Reached skill level 10 in Dodging
 37088 | IceCv    | Entered an ice cave
 37810 | Elf:2    | You paid a toll of a +7 demon blade to enter a treasure
                  | trove
 37811 | Trove    | Entered a treasure trove
 37818 | Trove    | Identified the +3 hat of Faut {rN+}
 37830 | Trove    | Identified the ring of Truth {Will- Str+6 Dex+5 Stlth-}
 37833 | Trove    | Identified the +1 mace "Jellybane" {venom, rF+ Str+3 Dex+2}
 37842 | Trove    | Identified the -1 hat "Paythyor" {rN+}
 37899 | Elf:2    | Paralysed by an air elemental for 1 turns
 38346 | Elf:3    | HP: 6/163 [deep elf master archer/arrow (6)]
 38347 | Elf:3    | HP: 1/163 [deep elf master archer/arrow (2)]
 38348 | Elf:3    | Shot with an arrow by a deep elf master archer

Illustrated notes

Levels and vault maps discovered:
D:1:      lightli_arrival_flooded_house, layout_loops_cross, minmay_cupped
D:2:      layout_basic, serial_glass, glass_columns_b, glass_columns_a,
          basic_altar, serial_shops, shop_statue
D:3:      layout_loops_ring, mainiacjoe_overflow_surrounded_room
D:4:      black_bear_nest_2, layout_loops_cross, mainiacjoe_overflow_big_doors
D:5:      layout_cave_pools, trog_ov_bears_minmay, temple_fountains,
          serial_gnoll_camp, gnoll_camp_mini_house, gnoll_camp_mini_doghouse,
          gnoll_camp_huts_moat, gnoll_camp_mini_loothouse, uniq_eustachio,
          uniq_blork_the_orc, uniq_menkaure
D:6:      layout_gridville
D:7:      layout_loops_ring
D:8:      layout_basic, gammafunk_temple_overflow_forgotten,
          amcnicky_altar_gilded, kennysheep_generic_room_9, uniq_grum
D:9:      layout_roguey, serial_shops, nicolae_shop_statue_plus, shop,
          nicolae_inconvenience_store, minmay_misc_feat_nine_boxes,
          uniq_jeremiah, uniq_harold, uniq_erolcha, uniq_maurice, uniq_maggie
D:10:     layout_roguey, fedhas_altar_1, grunt_lair_entry_orc_guard_hut,
          enter_bailey_3
D:11:     layout_basic, hiddenorc2_lemuel, nicolae_nh_vlads_tower
D:12:     layout_basic, serial_shops, nicolae_shop_window_shopping,
          minivault_11, uniq_psyche
D:13:     layout_long_grid
D:14:     layout_basic, erik_vaults_2
Temple:   nicolae_temple_ecumenical_triangle
Lair:1:   layout_chaotic_city, patterned_corridor, serial_bayou_shore_b
Lair:2:   cheibrodos_lair_river_kwai, layout_regular_city, grunt_megastairs_1,
          uniq_gastronok, uniq_amaemon
Lair:3:   layout_roguey, minmay_shoals_entry_lonely_mermaid,
          spider_nest_entry_web_field
Lair:4:   layout_small_grid, grunt_megastairs_3
Lair:5:   minmay_lair_end_frog_pond, layout_regular_city, slime_entry_1
Shoals:1: layout_shoals
Shoals:2: layout_shoals
Shoals:3: layout_shoals, nicolae_shoals_gull_way
Shoals:4: shoals_end_grunt_garden, layout_shoals, serial_shops,
          nicolae_shop_crystal
Spider:1: layout_spider_delve, uniq_asterion, uniq_roxanne, uniq_louise
Spider:2: layout_spider_delve, uniq_arachne, uniq_kirke
Spider:3: nicolae_spider_hilbert_zone_6 [nicolae_spider_hilbert_4_sides_1_open,
          nicolae_spider_hilbert_4_sides_1_open,
          nicolae_spider_hilbert_4_sides_1_open,
          nicolae_spider_hilbert_4_sides_1_open,
          nicolae_spider_hilbert_4_sides_1_open,
          nicolae_spider_hilbert_4_sides_1_open,
          nicolae_spider_hilbert_4_sides_1_open]
Spider:4: grunt_spider_rune_circles
Slime:1:  layout_caves
Slime:2:  layout_caves, dissolution_awaits
Orc:1:    layout_caves, uniq_erica
Orc:2:    kennysheep_orc_mage_school, layout_caves, mines1_david
Elf:1:    eino_elf_arrival_customs, layout_gridlike, minivault_28,
          small_chamber_with_monster
Elf:2:    nicolae_elf_blades_splatter_lattice [nicolae_blade_entry_pointy_end],
          layout_gridlike, nicolae_trove_entry_columns, serial_shops,
          nicolae_shop_tiny_real_fake_doors, shop, shop, shop, hex_large,
          lemuel_upstairs_altar
Elf:3:    grunt_elf_hall_spiral, layout_loops_corners,
          portal_ice_cave_entry_ugly_swarm

Skill      XL: |  1  2  3  4  5  6  7  8  9 10 11 12 13 14 15 16 17 18 19 20 |
---------------+-------------------------------------------------------------+-----
Spellcasting   | 3 4 5 6 7 10 11 12 | 12.6
Earth Magic    | 4 5 6 7 8 9 10 | 10.0
Conjurations   | 1 2 3 4 |  4.0
Stealth        | 3 6 9 10 12 14 | 14.0
Short Blades   | 1 3 4 6 7 |  7.5
Transmutations | 4 6 |  6.0
Summonings     | 2 6 9 14 15 | 15.0
Translocations | 2 5 |  5.2
Dodging        | 5 9 10 | 10.4
Fighting       | 4 5 8 12 13 | 13.4
Necromancy     | 4 9 11 | 11.0
Ice Magic      | 4 |  4.0
Shapeshifting  | 4 9 10 14 16 | 16.0

Action                     |  1- 3 |  4- 6 |  7- 9 | 10-12 | 13-15 | 16-18 | 19-21 || total
---------------------------+-------+-------+-------+-------+-------+-------+-------++-------
  Melee: Dagger            |    35 |    65 |    20 |       |       |       |       ||   120
         Constrict         |     7 |    16 |    18 |    68 |    67 |    41 |    46 ||   263
         Tentacles         |     4 |    14 |    19 |    92 |   124 |    84 |    95 ||   432
         Punch             |       |     1 |     4 |     7 |    15 |     9 |     8 ||    44
         Rapier            |       |       |    56 |   331 |   395 |   259 |   228 ||  1269
         Staff             |       |       |       |       |     2 |     1 |       ||     3
         Trident           |       |       |       |       |       |     5 |     2 ||     7
         Demon trident     |       |       |       |       |       |       |    42 ||    42
         Quick blade       |       |       |       |       |       |       |    38 ||    38
  Throw: Throwing net      |       |       |       |     4 |       |       |       ||     4
         Boomerang         |       |       |       |     8 |     4 |       |       ||    12
   Cast: Sandblast         |    25 |    51 |    95 |    31 |    56 |    10 |       ||   268
         Stone Arrow       |       |       |    20 |    20 |    96 |    46 |    19 ||   201
         Petrify           |       |       |    17 |   178 |   132 |    43 |    23 ||   393
         Passwall          |       |       |     4 |     3 |     7 |    13 |     8 ||    35
         Sublimation of Bl |       |       |       |     7 |    47 |    36 |       ||    90
         Summon Forest     |       |       |       |       |    48 |    32 |    13 ||    93
         Ozocubu's Armour  |       |       |       |       |    16 |     7 |       ||    23
         Summon Hydra      |       |       |       |       |    51 |   142 |   119 ||   312
         Apportation       |       |       |       |       |     2 |     5 |    19 ||    26
         Death Channel     |       |       |       |       |       |     5 |    11 ||    16
         Summon Cactus Gia |       |       |       |       |       |     9 |    22 ||    31
 Invoke: Call Merchant     |       |       |       |     1 |     3 |       |     2 ||     6
Ability: Begin Untransform |       |       |       |       |       |     2 |       ||     2
  Evoke: Wand              |       |       |       |     2 |    15 |    10 |     3 ||    30
    Use: Potion            |     2 |       |       |       |     2 |     3 |     6 ||    13
         Scroll            |       |     7 |     3 |    12 |     7 |     9 |    12 ||    50
   Stab: Sleeping          |     4 |    10 |     3 |     9 |    24 |    15 |    10 ||    75
         Petrified         |       |       |    30 |   185 |   131 |    42 |    15 ||   403
         Distracted        |       |       |     2 |       |     4 |     3 |    10 ||    19
         Petrifying        |       |       |       |    16 |    15 |     2 |       ||    33
         Held in net/web   |       |       |       |     2 |       |       |       ||     2
         Paralysed         |       |       |       |     1 |       |       |       ||     1
         Invisible         |       |       |       |       |     3 |     1 |     1 ||     5
 Armour: Skin              |    16 |    37 |    54 |   179 |   268 |   311 |   447 ||  1312
  Dodge: Dodged            |    22 |    45 |    51 |   163 |   290 |   333 |   436 ||  1340
   Form: Statue            |       |       |       |       |       |     3 |       ||     3

Table legend: (Time is in decaauts)
 A = Elapsed time spent in this place.
 B = Non-inter-level travel time spent in this place.
 C = Inter-level travel time spent in this place.
 D = Time resting spent in this place.
 E = Time spent auto-exploring this place.
 F = Levels seen in this place.
 G = Mean time per level.
                   A        B        C        D        E       F      G
               +--------+--------+--------+--------+--------+-----+--------+
         Total |  41967 |  37267 |   4700 |   1568 |  22743 |  38 | 1104.4 |
       Dungeon |  14228 |  12999 |   1229 |    201 |   9606 |  14 | 1016.3 |
        Temple |     14 |      2 |     12 |      0 |      0 |   1 |   14.0 |
          Lair |  10175 |   8656 |   1519 |    811 |   5183 |   5 | 2035.0 |
        Shoals |   3524 |   3001 |    523 |    154 |   1152 |   4 |  881.0 |
   Spider Nest |   5704 |   5335 |    369 |     47 |   3196 |   4 | 1426.0 |
    Slime Pits |    387 |    369 |     18 |    154 |      0 |   2 |  193.5 |
  Orcish Mines |   2614 |   2146 |    468 |      0 |   1443 |   2 | 1307.0 |
   Elven Halls |   3416 |   2859 |    557 |    184 |   1365 |   3 | 1138.7 |
         Trove |     78 |     78 |      0 |      0 |      0 |   1 |   78.0 |
        Bailey |    784 |    784 |      0 |      0 |    362 |   1 |  784.0 |
      Ice Cave |   1037 |   1037 |      0 |     15 |    435 |   1 | 1037.0 |
               +--------+--------+--------+--------+--------+-----+--------+

Top non-repeatable levels by time:
  Lair:1: 2395 daAuts
  Lair:2: 2319 daAuts
  Lair:5: 2160 daAuts
   Orc:2: 1923 daAuts
Spider:4: 1857 daAuts
  Lair:3: 1659 daAuts
  Lair:4: 1639 daAuts
     D:5: 1510 daAuts
     D:9: 1473 daAuts
Spider:1: 1460 daAuts
   Elf:2: 1384 daAuts
Spider:3: 1289 daAuts
   Elf:1: 1279 daAuts
    D:14: 1246 daAuts
Shoals:3: 1183 daAuts
